Match 40795278
Unlisted

Match 40795278
End
Construct Infanterie Kompanie
Kettenkrad Recon Vehicle
MG 42 Machine Gun Team
Selects Terror Battlegroup
Selects Machine Gun Camouflage
MG 42 Machine Gun Team
Grenadier Squad
Construct Luftwaffe Kompanie
Jäger Squad
221 Scout Car
GrW 34 Mortar Team
Selects Interrogate
Support Elements
Wirbelwind Flakpanzer
Jäger Squad
Selects Propaganda Leaflet Drop
Propaganda Leaflet Drop
Construct Panzergrenadier Kompanie
Marder III M Tank Destroyer
Propaganda Leaflet Drop
Nebelwerfer 42 Rocket Launcher Team
Marder III M Tank Destroyer
StuG III G Assault Gun
wila
LittleFatty233
HotdogPanda
深入骨髓的恨意
∞ | Darjeeling
smallNhii
Tu1133
∞ | BoCuoi
0
0

Comments sign in to comment!

No comments posted yet!